 Dungeon Crawl Stone Soup version 0.21-a0-582-g1b93aee (webtiles) character file.

821 sithsevirus the Covert (level 7, -2/31 HPs)
             Began as a Felid Monk on Dec 19, 2017.
             Was a Believer of Wu Jian.
             Slain by a killer bee (4 damage)
             ... on level 7 of the Dungeon.
             The game lasted 00:27:55 (8306 turns).

sithsevirus the Covert (Felid Monk)                 Turns: 8306, Time: 00:27:56

Health: -2/31      AC:  2    Str:  7    XL:     7   Next: 63%
Magic:  8/8        EV: 24    Int: 12    God:    Wu Jian [**....]
Gold:   410        SH:  0    Dex: 20    Spells: 6/6 levels left
                                        Lives:  0   Deaths: 2

rFire    x . .     SeeInvis +     - Unarmed
rCold    + . .     Gourm    .   (shield unavailable)
rNeg     . . .     Faith    .   (armour unavailable)
rPois    .         Spirit   .   (helmet unavailable)
rElec    .         Reflect  .   (cloak unavailable)
rCorr    .         Harm     .   (gloves unavailable)
MR       +....                  (boots unavailable)
Stlth    +++++.....             (no amulet)
HPRegen  0.10/turn              f - ring of ice
MPRegen  0.11/turn              u - ring of wizardry

@: lethally poisoned (-2 -> -12), quick
A: very small, no armour, no weapons or thrown items, stealth, claws 1, fangs 3,
see invisible, carnivore, speed 1, shaggy fur 2, slow metabolism 1, sharp paws
a: Renounce Religion


You were on level 7 of the Dungeon.
You worshipped Wu Jian.
Wu Jian was pleased with you.
You were not hungry.

You visited 1 branch of the dungeon, and saw 7 of its levels.

You collected 410 gold pieces.

Inventory:

Jewellery
 f - a ring of ice (left paw)
 u - a ring of wizardry (right paw)
Wands
 x - a wand of polymorph (21)
Scrolls
 b - a scroll of enchant armour {unknown}
 c - 3 scrolls of remove curse {unknown}
 d - 3 scrolls of immolation {unknown}
 e - 9 scrolls of identify {unknown}
 g - 5 scrolls of teleportation {unknown}
 h - 2 scrolls of fog {unknown}
 k - 3 scrolls of enchant weapon {unknown}
 l - 2 scrolls of amnesia {unknown}
 q - a scroll of noise {unknown}
 r - a scroll of fear {unknown}
 t - a scroll of magic mapping {unknown}
 v - a scroll of random uselessness {unknown}
 y - a scroll of torment {unknown}
Potions
 i - 2 potions of curing
 j - a potion of haste
 n - a potion of brilliance
 o - a potion of flight
 p - a potion of heal wounds
Comestibles
 a - 8 rations
 m - 5 chunks of flesh


   Skills:
 - Level 3.0 Fighting
 + Level 8.0 Dodging
 + Level 9.1 Stealth
 * Level 7.5 Unarmed Combat


You had 6 spell levels left.
You didn't know any spells.

Dungeon Overview and Level Annotations

Branches:
Dungeon (7/15)             Temple (0/1) D:5

Altars:
Hepliaklqana
Makhleb
Qazlal
Wu Jian
Xom
Yredelemnul

Shops:
D:4 =   D:5 %

Annotations:
D:4 wvc's ghost, novice GnWn
D:7 Menkaure


Innate Abilities, Weirdness & Mutations

You cannot wear armour.
You are incapable of wielding weapons or throwing items.
Your paws allow you to move quietly. (Stealth)
You have sharp claws.
You have razor-sharp teeth.
You have supernaturally acute eyesight. (SInv)
You are carnivorous and can eat meat at any time.
You cover ground quickly.
You are covered in thick fur. (AC +2)
You have a slow metabolism.
Your sharp claws are effective at attacking unaware monsters.


Message History

The killer bee completely misses you.
You spin and attack the killer bee.
You closely miss the killer bee.
The killer bee is heavily wounded.
The killer bee misses you.
You put your paws on the rock wall.
Move against it again to jump.
You repeatedly attack the killer bee from above.
You closely miss the killer bee.
The killer bee is heavily wounded.
You scratch the killer bee.
The killer bee is heavily wounded.
The killer bee stings you. The killer bee misses you.
The killer bee completely misses you. x2; The killer bee closely misses you.
The killer bee misses you. The killer bee completely misses you.
The killer bee stings you!
* * * LOW HITPOINT WARNING * * *
The killer bee stings you.
* * * LOW HITPOINT WARNING * * *
You are lethally poisoned!
The killer bee poisons you! The killer bee stings you.
You die...

#... #[..........# ..
##..#......... ...
#.M###........ ...##
#..# ##÷M.....
.....######..#####......
...............>........
.........§..............
......yyy.........[...##
.......@yy...####..?..#
.......###...# ##...##
......# #....# #...#
.....# ##...# ....#
.##.# ...# # . ..# ##


You could see Menkaure and 5 killer bees.

Vanquished Creatures
  A hippogriff (D:7)
  A black bear (D:7)
  A sky beast (D:6)
  An ice beast (D:7)
  A phantom (D:4)
  An ogre (D:5)
  A centaur (D:5)
  2 bullfrogs
  A scorpion (D:4)
  2 howler monkeys (D:4)
  2 crimson imps
  4 hounds
  2 jellies (D:6)
  2 iguanas
  2 worker ants (D:7)
  2 howler monkey skeletons (D:4)
  3 gnolls (D:4)
  4 adders
  3 oozes
  An adder skeleton (D:5)
  2 worms
  3 leopard geckos
  3 orcs
  2 ball pythons
  7 giant cockroaches
  6 goblins
  10 hobgoblins
  10 jackals
  2 quokkas
  12 bats
  5 frilled lizards
  7 kobolds
  A leopard gecko skeleton (D:5)
  14 rats
121 creatures vanquished.

Notes
Turn   | Place    | Note
-------+----------+-------------------------------------------
     0 | D:1      | sithsevirus the Felid Monk began the quest for the Orb.
     0 | D:1      | Reached XP level 1. HP: 10/10 MP: 2/2
    61 | D:1      | Reached skill level 3 in Stealth
   184 | D:1      | Reached XP level 2. HP: 13/14 MP: 3/3
   983 | D:2      | Reached skill level 4 in Stealth
  1037 | D:2      | Reached XP level 3. HP: 16/17 MP: 4/4
  1160 | D:2      | Found a stormy altar of Qazlal.
  1405 | D:2      | Reached XP level 4. HP: 15/21 MP: 5/5
  1649 | D:2      | Found a hazy altar of Hepliaklqana.
  2214 | D:3      | Reached skill level 5 in Stealth
  2965 | D:3      | Reached skill level 5 in Dodging
  3045 | D:3      | Reached XP level 5. HP: 24/24 MP: 6/6
  3061 | D:3      | Found a burning altar of Makhleb.
  3072 | D:3      | Found a basalt altar of Yredelemnul.
  3076 | D:3      | Found a shimmering altar of Xom.
  3160 | D:4      | Found an ornate altar of the Wu Jian Council.
  3162 | D:4      | Became a worshipper of the Wu Jian Council
  3162 | D:4      | Reached * piety under Wu Jian
  3162 | D:4      | Reached ** piety under Wu Jian
  3247 | D:4      | Reached skill level 6 in Stealth
  3273 | D:4      | Gained mutation: You are covered in thick fur. (AC +2) [Felid growth]
  3273 | D:4      | Reached XP level 6. HP: 2/28 MP: 7/7
  3733 | D:4      | Noticed wvc's ghost (novice GnWn)
  3782 | D:4      | HP: 1/28 [poisoned by a scorpion]
  3846 | D:4      | HP: 1/28 [scorpion (5)]
  3847 | D:4      | Succumbed to a scorpion's poison
  3848 | D:4      | Reached XP level 5. HP: 0/24 MP: 6/6
  4355 | D:4      | Found Xularet's Jewellery Shop.
  4400 | D:4      | Reached skill level 7 in Stealth
  4412 | D:4      | Reached XP level 6. HP: 6/28 MP: 7/7
  4723 | D:4      | Reached skill level 5 in Unarmed Combat
  5414 | D:5      | Entered Level 5 of the Dungeon
  6028 | D:5      | Reached XP level 7. HP: 31/31 MP: 8/8
  6117 | D:5      | Found Culyive's Food Shoppe.
  6434 | D:5      | Found a staircase to the Ecumenical Temple.
  6650 | D:6      | Reached skill level 8 in Stealth
  7764 | D:7      | Reached XP level 8. HP: 34/34 MP: 9/9
  8161 | D:7      | Noticed a hippogriff
  8175 | D:7      | Slain by a black bear
  8176 | D:7      | Reached XP level 7. HP: -3/31 MP: 8/8
  8195 | D:7      | Killed a hippogriff
  8195 | D:7      | Reached skill level 9 in Stealth
  8292 | D:7      | Noticed Menkaure
  8306 | D:7      | Slain by a killer bee

Vault maps used:
D:1:      roderic_octagonal_star, minmay_tetromino_s2
D:2:      old_standard_altar, lemuel_doored_altar, serial_bayou_pond_b
D:3:      minmay_overflow_temple_star_quad, first_ration
D:4:      overflow_temple_1_default, serial_shops,
          nicolae_shop_temple_entry_statues_fountains
D:5:      minmay_temple_entry_hall, serial_shops, shop, minivault_1
D:7:      uniq_menkaure

Skill      XL: |  1  2  3  4  5  6  7  8 |
---------------+-------------------------+-----
Stealth        | 3 4 5 7 9 |  9.1
Dodging        | 5 6 8 |  8.0
Unarmed Combat | 4 5 6 7 |  7.5
Fighting       | |  3.0

Action                   |  1- 3 |  4- 6 |  7- 9 || total
-------------------------+-------+-------+-------++-------
Melee: Unarmed           |   134 |   221 |    80 ||   435
       Bite              |    12 |    23 |    10 ||    45
       Punch             |     1 |     3 |     2 ||     6
Invok: Wall jump         |       |    22 |     9 ||    31
       Lunge             |       |    19 |    13 ||    32
       Whirlwind         |       |    18 |    12 ||    30
  Use: Potion            |       |     2 |     7 ||     9
 Stab: Sleeping          |     6 |    20 |    10 ||    36
       Distracted        |       |     1 |       ||     1
  Eat: Chunk             |     8 |    14 |     3 ||    25
Armor: Skin              |     2 |     9 |     2 ||    13
Dodge: Dodged            |   107 |   136 |    77 ||   320

Table legend:
 A = Spawn XP
 B = Non-spawn XP
 C = Spawn XP percentage of total XP
 D = Spawn monster count
 E = Non-spawn monster count
 F = Spawn count percentage of total count
 G = Total turns spent on level
                    A         B        C        D         E        F      G
               +---------+---------+-------+---------+---------+-------+---------
         Total |       0 |    2124 |   0.0 |       0 |     121 |   0.0 |  8306
               +---------+---------+-------+---------+---------+-------+---------
           D:1 |       0 |      36 |   0.0 |       0 |      21 |   0.0 |   980
           D:2 |       0 |      71 |   0.0 |       0 |      24 |   0.0 |  1012
           D:3 |       0 |     101 |   0.0 |       0 |      27 |   0.0 |  1168
           D:4 |       0 |     559 |   0.0 |       0 |      23 |   0.0 |  2254
           D:5 |       0 |     265 |   0.0 |       0 |      10 |   0.0 |  1225
           D:6 |       0 |     427 |   0.0 |       0 |       8 |   0.0 |  1003
           D:7 |       0 |     665 |   0.0 |       0 |       8 |   0.0 |   664
               +---------+---------+-------+---------+---------+-------+---------
